 Dungeon Crawl Stone Soup version 0.30-a0-168-g0b976cbdc4 (webtiles) character file.

Game seed: 9383154381878097494

2936 qw the Cleaver (level 9, -6/57 HPs)
             Began as a Gargoyle Fighter on Sept 29, 2022.
             Mangled by a yak (10 damage)
             ... on level 9 of the Dungeon.
             The game lasted 00:03:21 (8567 turns).

qw the Cleaver (Gargoyle Fighter)                   Turns: 8567, Time: 00:03:22

Health: -6/57      AC: 19    Str: 31    XL:     9   Next: 80%
Magic:  9/9        EV: 11    Int:  8    God:
Gold:   286        SH:  4    Dex:  9    Spells: 8/8 levels left

rFire   . . .      SeeInvis .    o - +0 broad axe
rCold   . . .      Faith    .    c - +0 buckler
rNeg    + . .      Spirit   .    h - +0 plate armour
rPois   inf        Reflect  .    a - +0 helmet
rElec   +          Harm     .    (no cloak)
rCorr   .          Rampage  .    (no gloves)
Will    .....                    (no boots)
Stlth   ..........               (no amulet)
HPRegen 0.19/turn                p - +6 ring of strength
MPRegen 0.11/turn                j - +4 ring of evasion

@: about to teleport
A: sickness immunity, AC +6, negative energy resistance 1, electricity
resistance, torment resistance 1, petrification resistance
a: no special abilities


You were on level 9 of the Dungeon.
You visited 2 branches of the dungeon, and saw 10 of its levels.
You also visited: Ossuary.

You collected 663 gold pieces.
You spent 377 gold pieces at shops.


Innate Abilities, Weirdness & Mutations

You are immune to sickness and miasma.
Your stone body is resilient. (AC +6)
You are immune to poison.
You resist negative energy. (rN+)
You are resistant to electric shocks. (rElec)
You are resistant to unholy torment.
You are immune to petrification.


   Skills:
 - Level 7.0 Fighting
 + Level 9.6 Axes
 - Level 3.1 Throwing
 - Level 5.0 Armour
 - Level 1.2 Dodging
 - Level 4.5 Shields


You had 8 spell levels left.
You didn't know any spells.
Your spell library was empty.

Inventory:

Hand Weapons
 l - the +7 flail "Gargoyle's Regret" {flame, rElec rC+ Dex+3}
   (You bought it in a shop on level 5 of the Dungeon)

   It burns those it strikes, dealing additional fire damage.
   Dex:       It affects your dexterity (+3).
   rC:        It protects you from cold.
   rElec:     It insulates you from electricity.
 o - a +0 broad axe (weapon)
Missiles
 m - 4 silver javelins (quivered)
 q - 5 boomerangs
Armour
 a - a +0 helmet (worn)
 c - a +0 buckler (worn)
 h - a +0 plate armour (worn)
Jewellery
 j - a +4 ring of evasion (right hand)
 p - a +6 ring of strength (left hand)
Scrolls
 n - 4 scrolls of identify
Potions
 b - 2 potions of mutation
 d - 4 potions of might
 e - 4 potions of attraction
 f - 5 potions of heal wounds
 g - a potion of resistance
 k - 5 potions of curing
 r - a potion of haste
 s - a potion of lignification

Dungeon Overview and Level Annotations

Branches:
Dungeon (9/15)             Temple (1/1) D:5         Ossuary (visited)
   Lair: D:8-11         Orc: D:9-12

Altars:
Ashenzari
Cheibriados
Dithmenos
Elyvilon
Fedhas
Gozag
Hepliaklqana
Kikubaaqudgha
Makhleb
Nemelex Xobeh
Qazlal
Ru
Sif Muna
Trog
Uskayaw
Vehumet
Wu Jian
Xom
Yredelemnul
Zin

Shops:
D:5 *   D:6 (

Annotations:
D:6 1 runed translucent door, qw's ghost, novice GrFi
D:8 2 transporters


Message History

You slash the centaur!
The centaur is almost dead.
The centaur barely misses you. The centaur misses you.
The centaur hits you but does no damage.
The centaur misses you.
You slash the centaur!
You kill the centaur!
You slash the yak! The yak barely misses you. The yak gores you!
You slice the yak!!
The yak is severely wounded.
The yak gores you.
You slash the yak!
You kill the yak!
A steam dragon comes into view.
The steam dragon hisses angrily.
You slash the yak!
The yak is heavily wounded.
You hit the yak but do no damage. The yak gores you but does no damage.
The yak gores you.
You hit the yak.
The yak is heavily wounded.
You barely miss the yak. You slash the yak!
The yak barely misses you. x2; The yak gores you but does no damage.
You hit the yak but do no damage.
The yak is heavily wounded.
You slash the yak! x2; You closely miss the yak.
The yak gores you! The yak gores you. The yak closely misses you. x2
You slash the yak!
The yak is severely wounded.
You hit the yak but do no damage. You slash the yak! You barely miss the yak.
You block the yak's attack.
The yak barely misses you. x2; The yak gores you!
The yak gores you but does no damage. x2; The yak gores you.
The yak barely misses you. x2
8567 ||| READING scroll of teleportation.
As you read the scroll of teleportation, it crumbles to dust.
You feel strangely unstable. The yak gores you but does no damage.
You block the yak's attack. The yak gores you but does no damage.
The yak gores you. The yak gores you!
You die...

... #.## .... #..#
#...###..# ######
#........## #....#
#..).....#######.###.#
#.....D.....#........#
+....YYY......##.#####
#...Y@..[.#####.#
#...Y....## #.#
#####..### #.# #.##
#.# +.# #.# #.# ###
#.# #.# #.# #.# #.#
#.# ### #.#


You could see 5 yaks and a steam dragon.

Vanquished Creatures
  Prince Ribbit (D:7)
  A hornet (D:8)
  A yak (D:9)
  2 steam dragons
  Menkaure (D:7)
  2 water moccasins (D:7)
  3 orc warriors
  An ice beast (D:7)
  A black bear (D:7)
  4 centaurs
  2 necrophages
  Blork the orc (D:5)
  2 scorpions
  2 jellies
  2 gnoll boudas
  2 hounds
  3 iguanas
  4 orc wizards
  8 mummies (Ossuary)
  7 gnolls
  4 adders
  2 shadow imps
  2 white imps (D:5)
  2 ufetubi
  A worm (D:3)
  2 dart slugs (D:2)
  15 orcs
  8 ball pythons
  8 endoplasms
  3 giant cockroaches
  15 goblins
  15 hobgoblins
  2 jackals (D:2)
  8 quokkas
  6 bats
  2 frilled lizards
  2 gnoll zombies (Ossuary)
  A hobgoblin zombie (Ossuary)
  7 kobolds
  2 kobold zombies (Ossuary)
  3 orc zombies (Ossuary)
  6 rats
166 creatures vanquished.

Vanquished Creatures (others)
  An orc wizard (D:8)
  3 plants (D:5)
4 creatures vanquished.

Grand Total: 170 creatures vanquished

Notes
Turn   | Place    | Note
-------+----------+-------------------------------------------
     0 | D:1      | qw the Gargoyle Fighter began the quest for the Orb.
     0 | D:1      | Reached XP level 1. HP: 14/14 MP: 1/1
     0 | D:1      | 0 ||| qw: Version: 0.2-a-12-gaebbb33
     0 | D:1      | 0 ||| qw: Game counter: 1197
     0 | D:1      | 0 ||| qw: Always use a shield: true
     0 | D:1      | 0 ||| qw: God list: Okawaru
     0 | D:1      | 0 ||| qw: Allow faded altars: false
     0 | D:1      | 0 ||| qw: Do Orc after D:15 true
     0 | D:1      | 0 ||| qw: Do second Lair branch before Depths: true
     0 | D:1      | 0 ||| qw: Lair rune preference: random
     0 | D:1      | 0 ||| qw: Plans: Normal, Zot:1-4, God:TSO, Crypt, Tomb,
                  | Pan, Slime:5, Hells, Abyss, Orb
     0 | D:1      | 0 ||| PLANNING D:1-11
    34 | D:1      | Reached skill level 2 in Axes
    89 | D:1      | Reached XP level 2. HP: 14/19 MP: 2/2
   636 | D:1      | 636 ||| Stepping ~*~*~tactically~*~*~ (stealth).
   648 | D:1      | 648 ||| Stepping ~*~*~tactically~*~*~ (stealth).
   649 | D:1      | 649 ||| Stepping ~*~*~tactically~*~*~ (stealth).
   660 | D:1      | Reached skill level 3 in Axes
   668 | D:1      | Reached XP level 3. HP: 23/23 MP: 3/3
   790 | D:1      | 790 ||| Stepping ~*~*~tactically~*~*~ (stealth).
   795 | D:1      | 795 ||| Stepping ~*~*~tactically~*~*~ (stealth).
   800 | D:1      | 800 ||| Stepping ~*~*~tactically~*~*~ (stealth).
  1100 | D:1      | 1100 ||| UPGRADING to ring of willpower.
  1101 | D:1      | 1101 ||| READING scroll labelled WURIRR ZAEDD.
  1102 | D:1      | 1102 ||| DRINKING 3 silvery potions.
  1290 | D:2      | 1290 ||| Stepping ~*~*~tactically~*~*~ (stealth).
  1300 | D:2      | Reached XP level 4. HP: 28/28 MP: 4/4
  1331 | D:2      | 1331 ||| FLEEEEING.
  1419 | D:2      | 1419 ||| DROPPING +0 club.
  1622 | D:2      | 1622 ||| DROPPING amulet of faith.
  1623 | D:2      | 1623 ||| UPGRADING to +4 ring of evasion.
  1624 | D:2      | 1624 ||| READING scroll labelled YFEMUF DUUMU.
  1625 | D:2      | 1625 ||| READING scroll labelled MIYTUT IGITHRAU.
  1626 | D:2      | 1626 ||| READING 2 scrolls labelled VUMOCV WIMUC.
  1627 | D:2      | 1627 ||| DROPPING scroll of magic mapping.
  1646 | D:3      | 1646 ||| STAIRDANCE
  1653 | D:2      | Reached skill level 4 in Axes
  2023 | D:3      | 2023 ||| Stepping randomly (stuck).
  2110 | D:3      | Found a blossoming altar of Fedhas.
  2416 | D:3      | 2416 ||| DRINKING 3 viscous puce potions.
  2417 | D:3      | 2417 ||| Stepping randomly (stuck).
  2419 | D:3      | 2419 ||| Stepping randomly (stuck).
  2421 | D:3      | 2421 ||| Stepping randomly (stuck).
  2423 | D:3      | 2423 ||| Stepping randomly (stuck).
  2425 | D:3      | 2425 ||| Stepping randomly (stuck).
  2427 | D:3      | 2427 ||| Stepping randomly (stuck).
  2429 | D:3      | 2429 ||| Stepping randomly (stuck).
  2431 | D:3      | 2431 ||| Stepping randomly (stuck).
  2433 | D:3      | 2433 ||| Stepping randomly (stuck).
  2434 | D:3      | 2434 ||| Stepping randomly (stuck).
  2435 | D:3      | 2435 ||| Stepping randomly (stuck).
  2437 | D:3      | 2437 ||| Stepping randomly (stuck).
  2439 | D:3      | 2439 ||| Stepping randomly (stuck).
  2441 | D:3      | 2441 ||| Stepping randomly (stuck).
  2443 | D:3      | 2443 ||| Stepping randomly (stuck).
  2444 | D:3      | 2444 ||| Stepping randomly (stuck).
  2445 | D:3      | 2445 ||| Stepping randomly (stuck).
  2446 | D:3      | 2446 ||| Stepping randomly (stuck).
  2447 | D:3      | 2447 ||| Stepping randomly (stuck).
  2449 | D:3      | 2449 ||| Stepping randomly (stuck).
  2451 | D:3      | 2451 ||| Stepping randomly (stuck).
  2453 | D:3      | 2453 ||| Stepping randomly (stuck).
  2455 | D:3      | 2455 ||| Stepping randomly (stuck).
  2457 | D:3      | 2457 ||| Stepping randomly (stuck).
  2459 | D:3      | 2459 ||| Stepping randomly (stuck).
  2461 | D:3      | 2461 ||| Stepping randomly (stuck).
  2463 | D:3      | 2463 ||| Stepping randomly (stuck).
  2465 | D:3      | 2465 ||| Stepping randomly (stuck).
  2466 | D:3      | 2466 ||| Stepping randomly (stuck).
  2467 | D:3      | 2467 ||| Stepping randomly (stuck).
  2468 | D:3      | 2468 ||| Stepping randomly (stuck).
  2469 | D:3      | 2469 ||| Stepping randomly (stuck).
  2470 | D:3      | 2470 ||| Stepping randomly (stuck).
  2471 | D:3      | 2471 ||| Stepping randomly (stuck).
  2472 | D:3      | 2472 ||| Stepping randomly (stuck).
  2473 | D:3      | 2473 ||| Stepping randomly (stuck).
  2474 | D:3      | 2474 ||| Stepping randomly (stuck).
  2475 | D:3      | 2475 ||| Stepping randomly (stuck).
  2476 | D:3      | 2476 ||| Stepping randomly (stuck).
  2477 | D:3      | 2477 ||| Stepping randomly (stuck).
  2478 | D:3      | 2478 ||| Stepping randomly (stuck).
  2479 | D:3      | 2479 ||| Stepping randomly (stuck).
  2480 | D:3      | 2480 ||| Stepping randomly (stuck).
  2481 | D:3      | 2481 ||| Stepping randomly (stuck).
  2482 | D:3      | 2482 ||| Stepping randomly (stuck).
  2483 | D:3      | 2483 ||| Stepping randomly (stuck).
  2484 | D:3      | 2484 ||| Stepping randomly (stuck).
  2494 | D:3      | Reached XP level 5. HP: 32/32 MP: 5/5
  2527 | D:3      | 2527 ||| UPGRADING to +0 chain mail.
  2537 | D:3      | 2537 ||| DROPPING +0 scale mail.
  2538 | D:3      | 2538 ||| READING scroll labelled WIFROG PIXISCH.
  2877 | D:3      | 2877 ||| Stepping ~*~*~tactically~*~*~ (stealth).
  3115 | D:4      | 3115 ||| PLANNING OSSUARY
  3184 | D:4      | Noticed a centaur
  3188 | D:4      | Killed a centaur
  3189 | D:4      | Reached skill level 5 in Axes
  3197 | D:4      | 3197 ||| DROPPING +0 mace.
  3365 | D:4      | Found a sacrificial altar of Ru.
  3426 | D:4      | Found a sand-covered staircase.
  3427 | D:4      | 3427 ||| READING scroll labelled HOABA RULIDGH.
  3428 | D:4      | 3428 ||| READING scroll labelled HINTASHRIHI.
  3448 | Ossuary  | Entered an ossuary
  3459 | Ossuary  | Reached XP level 6. HP: 37/37 MP: 6/6
  3954 | Ossuary  | 3954 ||| READING scroll of enchant weapon.
  3954 | Ossuary  | 3954 ||| ENCHANTING +1 war axe.
  4050 | Ossuary  | 4050 ||| READING scroll labelled XAOXKO TOETE.
  4051 | Ossuary  | 4051 ||| READING scroll labelled NONNUE MUSTIN.
  4052 | Ossuary  | 4052 ||| DRINKING 4 clear potions.
  4053 | Ossuary  | 4053 ||| READING 5 scrolls of identify.
  4053 | Ossuary  | 4053 ||| IDENTIFYING golden potion
  4054 | Ossuary  | 4054 ||| READING 4 scrolls of identify.
  4054 | Ossuary  | 4054 ||| IDENTIFYING yellow potion
  4055 | Ossuary  | 4055 ||| READING 3 scrolls of identify.
  4055 | Ossuary  | 4055 ||| IDENTIFYING pink potion
  4056 | Ossuary  | 4056 ||| READING 2 scrolls of identify.
  4056 | Ossuary  | 4056 ||| IDENTIFYING fuming sapphire potion
  4057 | Ossuary  | 4057 ||| DROPPING potion of invisibility.
  4058 | Ossuary  | 4058 ||| DROPPING potion of flight.
  4059 | Ossuary  | 4059 ||| DROPPING potion of berserk rage.
  4079 | D:4      | 4079 ||| PLANNING D:1-11
  4426 | D:4      | 4426 ||| READING scroll of enchant weapon.
  4426 | D:4      | 4426 ||| ENCHANTING +2 war axe.
  4589 | D:4      | 4589 ||| READING scroll labelled ZAN LAEM JUF.
  4619 | D:5      | Entered Level 5 of the Dungeon
  4674 | D:5      | Reached skill level 6 in Axes
  4746 | D:5      | Found a staircase to the Ecumenical Temple.
  4747 | D:5      | 4747 ||| PLANNING TEMPLE
  4757 | Temple   | Entered the Ecumenical Temple
  4823 | Temple   | 4823 ||| PLANNING D:1-11
  4843 | D:5      | 4843 ||| Stepping ~*~*~tactically~*~*~ (stealth).
  4844 | D:5      | 4844 ||| Stepping ~*~*~tactically~*~*~ (stealth).
  4845 | D:5      | 4845 ||| Stepping ~*~*~tactically~*~*~ (stealth).
  4847 | D:5      | 4847 ||| Stepping ~*~*~tactically~*~*~ (stealth).
  4929 | D:5      | Noticed Blork the orc
  4936 | D:5      | Reached skill level 1 in Dodging
  4936 | D:5      | Reached XP level 7. HP: 19/43 MP: 7/7
  4938 | D:5      | HP: 2/43 [Blork the orc/+0 flail (9)]
  4939 | D:5      | 4939 ||| READING 2 scrolls of teleportation.
  4940 | D:5      | 4940 ||| DRINKING 4 potions of heal wounds.
  5171 | D:5      | 5171 ||| READING scroll of enchant weapon.
  5171 | D:5      | 5171 ||| ENCHANTING +3 war axe.
  5203 | D:5      | 5203 ||| Stepping ~*~*~tactically~*~*~ (hiding).
  5208 | D:5      | Found a shimmering blue altar of Sif Muna.
  5244 | D:5      | 5244 ||| Stepping ~*~*~tactically~*~*~ (stealth).
  5395 | D:5      | Found a bloodstained altar of Trog.
  5441 | D:5      | Reached skill level 7 in Axes
  5450 | D:5      | Found a hide-covered altar of Uskayaw.
  5455 | D:5      | 5455 ||| READING scroll of enchant weapon.
  5455 | D:5      | 5455 ||| ENCHANTING +4 war axe.
  5482 | D:5      | 5482 ||| READING scroll of teleportation.
  5484 | D:5      | 5484 ||| FLEEEEING.
  5485 | D:5      | 5485 ||| FLEEEEING.
  5486 | D:5      | 5486 ||| FLEEEEING.
  5524 | D:5      | Found a burning altar of Makhleb.
  5587 | D:5      | Found Qytass's Assorted Antiques.
  5592 | D:5      | 5592 ||| SHOPLISTING +9 scales of the Dragon King {rPois
                  | rF+ rC+ Will+} (2620 gold, have 439).
  5592 | D:5      | 5592 ||| BUYING crystal flail (178 gold).
  5592 | D:5      | Bought a crystal flail for 178 gold pieces
  5592 | D:5      | Identified the +7 flail "Gargoyle's Regret" {flame, rElec
                  | rC+ Dex+3} (You bought it in a shop on level 5 of the
                  | Dungeon)
  5592 | D:5      | 5592 ||| BUYING scroll of enchant weapon (157 gold).
  5592 | D:5      | Bought a scroll of enchant weapon for 157 gold pieces
  5592 | D:5      | 5592 ||| BUYING scroll of identify (42 gold).
  5592 | D:5      | Bought a scroll of identify for 42 gold pieces
  5592 | D:5      | 5592 ||| SHOPLISTING scroll of teleportation (63 gold, have
                  | 62).
  5592 | D:5      | 5592 ||| SHOPLISTING shiny plate armour (546 gold, have
                  | 62).
  5592 | D:5      | 5592 ||| DROPPING +0 flail.
  5593 | D:5      | 5593 ||| READING scroll of enchant weapon.
  5593 | D:5      | 5593 ||| ENCHANTING +5 war axe.
  5624 | D:5      | Found a glowing silver altar of Zin.
  5649 | D:5      | 5649 ||| UPGRADING to +0 helmet.
  5713 | D:5      | Killed Blork the orc
  6013 | D:6      | 6013 ||| Stepping ~*~*~tactically~*~*~ (hiding).
  6026 | D:6      | Reached skill level 1 in Throwing
  6027 | D:6      | Reached XP level 8. HP: 43/49 MP: 8/8
  6061 | D:6      | 6061 ||| Stepping ~*~*~tactically~*~*~ (stealth).
  6172 | D:6      | Found a shimmering altar of Xom.
  6227 | D:6      | Found a runed translucent door.
  6227 | D:6      | Noticed a troll
  6227 | D:6      | Noticed qw's ghost (novice GrFi)
  6436 | D:6      | Found Ivor's Weapon Emporium.
  6508 | D:6      | 6508 ||| UPGRADING to +6 ring of strength.
  6510 | D:6      | 6510 ||| DROPPING ring of willpower.
  6511 | D:6      | 6511 ||| READING scroll labelled OSEFAU DAAWA.
  6512 | D:6      | 6512 ||| READING scroll labelled EPHOUD WIF.
  6538 | D:7      | Noticed Menkaure
  6548 | D:7      | HP: 11/49 [Menkaure (4)]
  6549 | D:7      | 6549 ||| READING 2 scrolls of teleportation.
  6550 | D:7      | 6550 ||| DRINKING 4 potions of heal wounds.
  6654 | D:7      | 6654 ||| Stepping ~*~*~tactically~*~*~ (stealth).
  6655 | D:7      | 6655 ||| Stepping ~*~*~tactically~*~*~ (stealth).
  6656 | D:7      | 6656 ||| Stepping ~*~*~tactically~*~*~ (stealth).
  6657 | D:7      | 6657 ||| Stepping ~*~*~tactically~*~*~ (hiding).
  6677 | D:7      | Reached skill level 8 in Axes
  6890 | D:7      | 6890 ||| Stepping ~*~*~tactically~*~*~ (hiding).
  6902 | D:7      | Reached skill level 6 in Fighting
  6947 | D:7      | 6947 ||| Stepping ~*~*~tactically~*~*~ (stealth).
  7119 | D:7      | Reached XP level 9. HP: 50/56 MP: 9/9
  7130 | D:7      | Killed Menkaure
  7131 | D:7      | Reached skill level 9 in Axes
  7274 | D:7      | Noticed Prince Ribbit
  7281 | D:7      | Killed Prince Ribbit
  7282 | D:7      | Reached skill level 3 in Throwing
  7427 | D:7      | 7427 ||| UPGRADING to +0 plate armour.
  7437 | D:7      | 7437 ||| DROPPING +0 chain mail.
  7558 | D:8      | 7558 ||| Stepping ~*~*~tactically~*~*~ (hiding).
  7559 | D:8      | 7559 ||| SWAPPING to +0 broad axe.
  7665 | D:8      | 7665 ||| DROPPING +6 war axe.
  7714 | D:8      | Noticed a hornet
  7724 | D:8      | Killed a hornet
  7836 | D:8      | 7836 ||| DRINKING 6 potions of curing.
  7836 | D:8      | 7836 ||| (to cure confusion)
  8247 | D:8      | Found a transporter.
  8248 | D:8      | Found a transporter.
  8260 | D:8      | Found a basalt altar of Yredelemnul.
  8264 | D:8      | Noticed a death knight
  8267 | D:8      | Noticed a skeletal warrior
  8270 | D:8      | Found an ancient bone altar of Kikubaaqudgha.
  8331 | D:8      | 8331 ||| READING 7 scrolls of identify.
  8331 | D:8      | 8331 ||| IDENTIFYING inky potion
  8332 | D:8      | 8332 ||| READING 6 scrolls of identify.
  8332 | D:8      | 8332 ||| IDENTIFYING lumpy sapphire potion
  8333 | D:8      | 8333 ||| READING 5 scrolls of identify.
  8333 | D:8      | 8333 ||| IDENTIFYING fizzy yellow potion
  8566 | D:9      | HP: 14/57 [yak (8)]
  8567 | D:9      | 8567 ||| READING scroll of teleportation.
  8567 | D:9      | HP: 4/57 [yak (5)]
  8567 | D:9      | Mangled by a yak

Levels and vault maps discovered:
D:1:      dpeg_arrival_more_subterranean_lakeside_camping, layout_basic,
          minmay_fountain_box, minmay_bisected
D:2:      layout_rooms, kennysheep_generic_room_15
D:3:      cheibrodos_greedy_goblins, layout_loops_ring, marbit_many_paths,
          serial_co_window_serial, co_window_paths_a, co_window_corner_a,
          co_window_paths_a, co_window_corner_a, co_window_of_opportunity_a,
          co_window_of_opportunity_c, co_window_paths_c,
          co_window_of_opportunity_b, co_window_of_opportunity_c,
          co_window_paths_c, co_window_broadway_c, co_window_4corner_a,
          glass_columns_a
D:4:      layout_loops_corners, nicolae_ru_awakened_eye, enter_ossuary_1
D:5:      layout_basic, makhleb_grotto_becter,
          mainiacjoe_overflow_large_starburst,
          nzn_overflow_gifts_of_might_and_magic, minmay_temple_entry_overgrown,
          serial_shops, kennysheep_little_box, uniq_blork_the_orc
D:6:      layout_basic, lemuel_crystal_altar, ebering_ghost_inner_flame,
          serial_shops, shop
D:7:      layout_cave_pools, uniq_prince_ribbit1, uniq_menkaure
D:8:      layout_basic, gammafunk_temple_of_torment
D:9:      wad_cavern_with_rooms, layout_loops_ring, serial_shops, shop
Temple:   eino_temple_lava

Skill      XL: |  1  2  3  4  5  6  7  8  9 |
---------------+----------------------------+-----
Axes           | 2 3 4 5 6 7 8 9 |  9.6
Fighting       | 4 5 6 7 |  7.0
Dodging        | 1 |  1.2
Throwing       | 1 2 3 |  3.1
Armour         | 5 |  5.0
Shields        | 4 |  4.5

Action                   |  1- 3 |  4- 6 |  7- 9 || total
-------------------------+-------+-------+-------++-------
Melee: War axe           |   101 |   214 |   126 ||   441
       Broad axe         |       |       |    55 ||    55
Throw: Javelin           |       |       |    27 ||    27
       Boomerang         |       |       |     3 ||     3
  Use: Scroll            |     1 |    15 |    12 ||    28
       Potion            |     1 |     2 |     3 ||     6
Armor: Scale mail        |    56 |    16 |       ||    72
       Chain mail        |       |    56 |    60 ||   116
       Plate armour      |       |       |    41 ||    41
Dodge: Dodged            |    35 |   113 |   123 ||   271
Block: Buckler           |    14 |    23 |    39 ||    76

Table legend:
 A = Non-vault XP
 B = Vault XP
 C = Vault XP percentage of total XP
 D = Non-vault monster count
 E = Vault monster count
 F = Vault count percentage of total count
                 A         B        C        D         E       F
            +---------+---------+-------+---------+---------+-------
      Total |    3297 |     898 |  21.4 |     128 |      39 |  23.4
            +---------+---------+-------+---------+---------+-------
        D:1 |      51 |       5 |   8.9 |      31 |       3 |   8.8
        D:2 |      41 |       3 |   6.8 |      14 |       2 |  12.5
        D:3 |      84 |      23 |  21.5 |      19 |      12 |  38.7
        D:4 |     160 |       0 |   0.0 |       9 |       0 |   0.0
        D:5 |     352 |     270 |  43.4 |      17 |       4 |  19.0
        D:6 |     186 |       0 |   0.0 |       8 |       0 |   0.0
        D:7 |    1213 |     446 |  26.9 |      16 |       2 |  11.1
        D:8 |     653 |       0 |   0.0 |       8 |       0 |   0.0
        D:9 |     557 |       0 |   0.0 |       6 |       0 |   0.0
    Ossuary |       0 |     151 | 100.0 |       0 |      16 | 100.0
            +---------+---------+-------+---------+---------+-------
